 Dungeon Crawl Stone Soup version 0.19-a0-1091-g463c9de (webtiles) character file.

56 4thArraOfDagon the Vexing (level 3, -2/33 HPs)
             Began as a Troll Arcane Marksman on Aug 7, 2016.
             Killed by divine providence
             ... invoked by an orc priest
              (15 damage)
             ... on level 3 of the Dungeon.
             The game lasted 00:02:14 (361 turns).

4thArraOfDagon the Vexing (Troll Arcane Marksman)    Turns: 361, Time: 00:02:15

Health: -2/33      AC:  5    Str: 16 (19) XL:     3   Next: 69%
Magic:  3/3        EV: 10    Int: 10      God:
Gold:   95         SH:  0    Dex:  8 (9)  Spells: 1 memorised, 3 levels left

rFire  + . .     SeeInvis .       - Unarmed
rCold  + . .     Gourm    +     a - +0 robe
rNeg   . . .     Faith    .     (no shield)
rPois  +         Spirit   .     (helmet restricted)
rElec  +         Dismiss  .     (no cloak)
rCorr  +         Reflect  .     (gloves unavailable)
SustAt .         Harm     .     (boots unavailable)
MR     .....                    (no amulet)
Stlth  +.........               (no ring)
                                (no ring)

@: resistant
A: unfitting armour, claws 3, fast metabolism 3, gourmand, regeneration 2,
shaggy fur 1, tough skin 2
a: no special abilities


You were on level 3 of the Dungeon.
You were full.

You visited 1 branch of the dungeon, and saw 3 of its levels.

You collected 95 gold pieces.

Inventory:

Missiles
 c - 3 large rocks (quivered)
 d - 2 throwing nets
Armour
 a - a +0 robe (worn)
Magical Staves
 i - an uncursed staff of earth
Scrolls
 e - a scroll of identify {unknown}
 g - 2 scrolls of remove curse {unknown}
 h - 2 scrolls of teleportation {unknown}
 l - a scroll of random uselessness {unknown}
 m - a scroll of recharging {unknown}
Books
 b - a book of Debilitation

   Spells                             Type                      Level
   a - Corona                         Hexes                        1
   b - Slow                           Hexes                        2
   c - Gell's Gravitas                Hexes/Translocation          3
   d - Inner Flame                    Hexes/Fire                   3
   e - Cause Fear                     Hexes                        4
   f - Leda's Liquefaction            Hexes/Earth                  4
Comestibles
 f - 2 bread rations
 k - a meat ration


   Skills:
 + Level 1.1 Fighting
 - Level 1.9 Throwing
 + Level 2.1 Dodging
 * Level 1.8 Unarmed Combat
 - Level 1.0 Spellcasting
 - Level 2.3 Hexes


You had 3 spell levels left.
You knew the following spells:

 Your Spells              Type           Power        Failure   Level  Hunger
a - Corona                Hex            #......      14%         1    ##.....


Dungeon Overview and Level Annotations

Branches:
Dungeon (3/15)

Altars:


Innate Abilities, Weirdness & Mutations

You are too large for most types of armour.
You have claws for hands.
Your metabolism is lightning-fast.
You like to eat raw meat.
You heal very quickly.
You are covered in fur. (AC +1)
You have very tough skin. (AC +2)


Message History

The orc hits you with a hand axe.
* * * LOW HITPOINT WARNING * * *
A goblin comes into view.
Unknown command.
Unknown command.
Unknown command.
Found a spear.
Unknown command.
Unknown command.
Unknown command.
You claw the orc!
You kill the orc!
Throwing (i - inventory. (,) - cycle):
c - 4 large rocks (quivered)
Press: ? - help, Shift-Dir - straight line, f - orc priest
Aim: an orc priest, wielding a mace You throw a large rock.
The large rock closely misses the orc priest.
The orc priest mumbles some strange prayers to Beogh against you.
Beogh smites you!
You die...

###########
#..........
######.......)..
.......@........
##.#####).##### ##..
#.o## #..#####.##
#####.#....o.# ######
#...(....o#### .....##
#.....###.## .#....#
#.....###..####....# .
#.....##...o......##..


You could see an orc priest.

Vanquished Creatures
  4 adders
  A worm (D:1)
  An orc (D:3)
  A giant cockroach (D:3)
  A goblin (D:1)
  2 hobgoblins
  3 kobolds
  A ball python (D:1)
  A giant newt (D:2)
  3 rats (D:1)
18 creatures vanquished.

Notes
Turn   | Place    | Note
-------+----------+-------------------------------------------
     0 | D:1      | 4thArraOfDagon the Troll Arcane Marksman began the quest for the Orb.
     0 | D:1      | Reached XP level 1. HP: 18/18 MP: 1/1
    75 | D:1      | Reached XP level 2. HP: 26/26 MP: 2/2
   191 | D:2      | Reached skill level 1 in Fighting
   191 | D:2      | Reached skill level 1 in Unarmed Combat
   191 | D:2      | Reached XP level 3. HP: 21/33 MP: 3/3
   361 | D:3      | Killed from afar by an orc priest

Vault maps used:
D:1:      evilmike_arrival_run_for_it
D:2:      first_bread
D:3:      minitemple, marbit_many_paths, uniq_natasha

Skill      XL: |  1  2 |
---------------+-------+-----
Fighting       | 1 |  1.1
Dodging        | 2 |  2.1
Unarmed Combat | 1 |  1.8
Throwing       | |  1.9
Spellcasting   | |  1.0
Hexes          | |  2.3

Action                   || total
-------------------------++-------
Melee: Unarmed           ||    68
Throw: Large rock        ||     1
  Use: Potion            ||     2
  Eat: Chunk             ||     5
Armor: Robe              ||    18
Dodge: Dodged            ||    25
